[Event "Titled Tuesday Blitz December 13 Late 2022"]
[White "Svane, Rasmus"]
[Black "Suder, Jakub"]
[WhiteFideId "4657101"]
[BlackFideId "1195310"]
[WhiteElo "2674"]
[BlackElo "2245"]
[Result "1-0"]
[Round "02"]
[TimeControl "180+1"]
[Date "2022.12.13"]
[WhiteClock "0:00:58"]
[BlackClock "0:00:14"]

1. Nf3 d5 2. g3 Nf6 3. Bg2 e6 4. O-O Be7 5. c4 O-O 6. b3 c5 7. cxd5 Nxd5 8. Nc3 Nxc3 9. dxc3 Qxd1 10. Rxd1 Bf6 11. Be3 Na6 12. Rac1 e5 13. Nd2 Rb8 14. Ne4 Be7 15. Rd5 f6 16. Nxc5 Nxc5 17. Bxc5 Bxc5 18. Rxc5 Be6 19. Rd1 b6 20. Rc6 Rfe8 21. Rdd6 Bf5 22. Bd5+ Kf8 23. e4 Bh3 24. f3 h5 25. Kf2 Ke7 26. Be6 Bxe6 27. Rxe6+ Kd7 28. Red6+ Ke7 29. c4 Rbc8 30. Rxc8 Rxc8 31. Rd5 Rc5 32. Ke3 a5 33. Rxc5 bxc5 34. Kd3 Kd6 35. Kc3 Kc6 36. Kb2 a4 37. Ka3 axb3 38. axb3 Kb6 39. Ka4 Ka6 40. h3 g5 41. g4 h4 42. b4 Kb6 43. b5 1-0


[Site "https://www.chess.com"]

[Event "Titled Tuesday Blitz December 13 Late 2022"]
[White "Sztokbant, Bernardo Vainzoff"]
[Black "Wieczorek, Zbigniew"]
[WhiteFideId "2115956"]
[BlackFideId "1102001"]
[WhiteElo "2222"]
[BlackElo "2228"]
[Result "1-0"]
[Round "02"]
[TimeControl "180+1"]
[Date "2022.12.14"]
[WhiteClock "0:00:02"]
[BlackClock "0:00:01"]

1. d4 Nf6 2. c4 e6 3. Nf3 Bb4+ 4. Bd2 Qe7 5. a3 Bxd2+ 6. Qxd2 d6 7. g3 e5 8. Bg2 O-O 9. Nc3 c6 10. O-O Nbd7 11. Rad1 Re8 12. dxe5 dxe5 13. Qc2 a5 14. Nd2 Nc5 15. e3 a4 16. Nde4 Bf5 17. Nxf6+ Qxf6 18. Qe2 Red8 19. e4 Be6 20. Qe3 Rd4 21. f4 Rad8 22. Nd5 cxd5 23. fxe5 Qxf1+ 24. Rxf1 dxe4 25. Qg5 h6 26. Qe7 b6 27. Qc7 e3 28. Bf3 Rc8 29. Qxb6 Rxc4 30. Re1 Nd3 31. Rxe3 Rc1+ 32. Kg2 Ne1+ 33. Rxe1 Rxe1 34. Kf2 Rec1 35. Qb4 Bb3 36. Be4 R1c5 37. Qd4 Rc4 38. Qe3 Re8 39. Bd3 Rc5 40. Qxc5 g6 41. Bc4 Kg7 42. Bxb3 axb3 43. Qb5 1-0


[Site "https://www.chess.com"]

[Event "Titled Tuesday Blitz December 13 Late 2022"]
[White "Szyszylo, Rafal"]
[Black "Jaracz, Pawel"]
[WhiteFideId "1109626"]
[BlackFideId "1102222"]
[WhiteElo "1981"]
[BlackElo "2460"]
[Result "0-1"]
[Round "02"]
[TimeControl "180+1"]
[Date "2022.12.14"]
[WhiteClock "0:00:02"]
[BlackClock "0:00:32"]

1. e4 c5 2. Nf3 d6 3. d4 cxd4 4. Nxd4 Nf6 5. Nc3 a6 6. Bc4 e6 7. Bb3 Nbd7 8. f4 Nc5 9. e5 Nfd7 10. exd6 Nf6 11. Be3 Bxd6 12. Qd2 O-O 13. O-O-O Qc7 14. Kb1 Nxb3 15. cxb3 Bb4 16. Qd3 Bd7 17. Rc1 Qa5 18. Ne4 Nd5 19. Nc2 Be7 20. Bd2 Qb5 21. Qg3 Rac8 22. Nc3 Nxc3+ 23. Bxc3 f6 24. Rhe1 Qf5 25. Ka1 Qg6 26. Qf2 Rfd8 27. Nd4 Bc5 28. Qe2 Re8 29. g4 e5 30. f5 exd4 31. Qc4+ Qf7 32. Rxe8+ Bxe8 33. Bxd4 Qxc4 34. Rxc4 b6 35. b4 Bxd4 36. Rxc8 Kf7 37. Rc7+ Kf8 38. Rb7 h5 39. h3 h4 40. Kb1 Bc6 41. Rb8+ Ke7 42. Rg8 Kf7 43. Rc8 Bg2 44. Rc7+ Kg8 45. Rc8+ Kh7 0-1


[Site "https://www.chess.com"]

[Event "Titled Tuesday Blitz December 13 Late 2022"]
[White "Tabatabaei, M. Amin"]
[Black "Thomforde-Toates, Noah"]
[WhiteFideId "12521213"]
[BlackFideId "30951992"]
[WhiteElo "2551"]
[BlackElo "2595"]
[Result "1-0"]
[Round "02"]
[TimeControl "180+1"]
[Date "2022.12.13"]
[WhiteClock "0:01:12"]
[BlackClock "0:00:04"]

1. d4 Nf6 2. Nf3 g6 3. g3 Bg7 4. Bg2 O-O 5. O-O d6 6. Nc3 c6 7. e4 Nbd7 8. Re1 e5 9. a4 a5 10. h3 Qc7 11. Be3 Re8 12. dxe5 Nxe5 13. Nxe5 dxe5 14. Qe2 Be6 15. Rad1 Rad8 16. b3 Rxd1 17. Rxd1 Rd8 18. Rd3 Bf8 19. Bg5 Rxd3 20. Qxd3 Nd7 21. Nb1 Nc5 22. Qc3 b5 23. Be3 Na6 24. axb5 cxb5 25. Qxc7 Nxc7 26. Bb6 Na6 27. Bxa5 Nb4 28. Bxb4 Bxb4 29. c3 Bd6 30. b4 f5 31. Bf1 Bd7 32. exf5 gxf5 33. Na3 e4 34. Bxb5 Bc8 35. Bc6 Kg7 36. Nc4 Bb8 37. b5 Kf6 38. Nb6 Be6 39. c4 Ba7 40. c5 Ke5 41. Na4 Bb3 42. b6 Bb8 43. Be8 Bxa4 44. Bxa4 Kd5 45. c6 Kd6 46. h4 h6 47. Kf1 Bc7 48. bxc7 Kxc7 49. Ke2 Kd6 50. Ke3 Kc7 51. Kf4 1-0


[Site "https://www.chess.com"]

[Event "Titled Tuesday Blitz December 13 Late 2022"]
[White "Timmermans, Mark"]
[Black "Sarana, Alexey"]
[WhiteFideId "1026399"]
[BlackFideId "24133795"]
[WhiteElo "2460"]
[BlackElo "2708"]
[Result "0-1"]
[Round "02"]
[TimeControl "180+1"]
[Date "2022.12.13"]
[WhiteClock "0:02:09"]
[BlackClock "0:01:10"]

1. Nf3 d5 2. c4 e6 3. e3 Nf6 4. b3 Bd6 5. Bb2 O-O 6. Be2 Re8 7. cxd5 exd5 8. O-O c6 9. d3 Bf5 10. Nbd2 h6 11. Rc1 Nbd7 12. a3 Qe7 13. b4 a5 14. bxa5 Rxa5 15. a4 Ng4 16. Bc3 Raa8 17. a5 h5 18. Rb1 Nc5 19. h3 Nxe3 20. fxe3 Qxe3+ 21. Rf2 Bg3 22. Bd4 Bxf2+ 23. Kf1 Qxe2+ 0-1


[Site "https://www.chess.com"]

[Event "Titled Tuesday Blitz December 13 Late 2022"]
[White "Toncheva, Nadya"]
[Black "Riehle, Marco"]
[WhiteFideId "2924056"]
[BlackFideId "12904392"]
[WhiteElo "2527"]
[BlackElo "2775"]
[Result "1-0"]
[Round "02"]
[TimeControl "180+1"]
[Date "2022.12.14"]
[WhiteClock "0:01:29"]
[BlackClock "0:02:07"]

1. d4 d5 2. c4 e6 3. Nc3 c5 4. cxd5 cxd4 5. Qa4+ Bd7 6. Qxd4 exd5 7. Qxd5 Nf6 8. Qxb7 Nc6 9. Qb3 Nd4 10. Qd1 Bf5 11. e4 Nxe4 12. Bd3 Nxc3 13. bxc3 Nf3+ 14. Qxf3 Bxd3 15. Qc6+ Ke7 16. Ba3+ Qd6 1-0


[Site "https://www.chess.com"]

[Event "Titled Tuesday Blitz December 13 Late 2022"]
[White "Topalov, Aleksandar"]
[Black "Radovanovic, Dusan"]
[WhiteFideId "925659"]
[BlackFideId "926868"]
[WhiteElo "2151"]
[BlackElo "2337"]
[Result "1-0"]
[Round "02"]
[TimeControl "180+1"]
[Date "2022.12.14"]
[WhiteClock "0:01:11"]
[BlackClock "0:01:43"]

1. b3 e5 2. Bb2 Nc6 3. c4 Nf6 4. e3 d5 5. cxd5 Nxd5 6. a3 Be6 7. Qc2 Be7 8. Nf3 f6 9. d3 O-O 10. Nbd2 Qd7 11. Be2 Rad8 12. O-O Kh8 13. Rfd1 Rfe8 14. Rac1 Bf8 15. Ne4 Qf7 16. b4 a6 17. d4 exd4 18. Nxd4 Nxd4 19. Bxd4 c6 20. Nc5 Bc8 21. Bd3 Qh5 22. Be2 Qh6 23. Bf3 Bd6 24. g3 Bb8 25. e4 Nc7 26. Be3 Qg6 27. Qe2 Qf7 28. Bh5 g6 29. Bg4 Bxg4 30. Qxg4 Ne6 31. Nxe6 Rxd1+ 32. Rxd1 Rxe6 33. Rd8+ Re8 34. Qc8 1-0


[Site "https://www.chess.com"]

[Event "Titled Tuesday Blitz December 13 Late 2022"]
[White "Torres Dominguez, David"]
[Black "Buchenau, Frank"]
[WhiteFideId "2220857"]
[BlackFideId "4604350"]
[WhiteElo "2037"]
[BlackElo "2157"]
[Result "1-0"]
[Round "02"]
[TimeControl "180+1"]
[Date "2022.12.14"]
[WhiteClock "0:00:58"]
[BlackClock "0:00:03"]

1. e4 e6 2. d4 d5 3. exd5 exd5 4. Bd3 Bd6 5. Qf3 Nc6 6. c3 Nf6 7. h3 Be6 8. Ne2 Qd7 9. Bf4 Bf5 10. Bxd6 Bxd3 11. Qxd3 Qxd6 12. Nd2 O-O 13. O-O Rfe8 14. Ng3 Qf4 15. Rad1 Re6 16. Qf3 Qxf3 17. Nxf3 Rae8 18. Rfe1 Ne4 19. Nxe4 Rxe4 20. Kf1 f6 21. Nd2 R4e6 22. Rxe6 Rxe6 23. Re1 Kf7 24. Rxe6 Kxe6 25. f3 h5 26. g4 hxg4 27. hxg4 f5 28. Kf2 f4 29. Nb3 b6 30. Nc1 Na5 31. b3 c5 32. dxc5 bxc5 33. Nd3 c4 34. bxc4 Nxc4 35. Nxf4+ Ke5 36. Nd3+ Ke6 37. f4 g6 38. Kf3 Nd6 39. Ke3 Nb5 40. Nc5+ Kd6 41. Na4 Ke6 42. Kd3 Kd6 43. c4 dxc4+ 44. Kxc4 Nc7 45. Nc5 Ne8 46. g5 Ng7 47. Kb5 Nh5 48. Nd3 Kd5 49. Ka6 Kd4 50. Ne5 Nxf4 51. Nf7 Kc4 52. a4 Kb4 53. a5 1-0


[Site "https://www.chess.com"]

[Event "Titled Tuesday Blitz December 13 Late 2022"]
[White "Urbina Perez, Juan Antonio"]
[Black "Stanisz, Patryk"]
[WhiteFideId "2217368"]
[BlackFideId "1123106"]
[WhiteElo "2197"]
[BlackElo "2069"]
[Result "0-1"]
[Round "02"]
[TimeControl "180+1"]
[Date "2022.12.14"]
[WhiteClock "0:00:01"]
[BlackClock "0:00:18"]

1. e4 c5 2. Nf3 Nc6 3. Bb5 g6 4. Bxc6 dxc6 5. d3 Bg7 6. h3 Nf6 7. Nc3 Nd7 8. Be3 e5 9. Qd2 h6 10. O-O Qe7 11. a3 Nf8 12. b4 b6 13. bxc5 b5 14. a4 b4 15. Na2 a5 16. c3 b3 17. Nc1 Rb8 18. Rb1 Be6 19. c4 Nd7 20. Rxb3 f5 21. exf5 gxf5 22. Rxb8+ Nxb8 23. Qxa5 O-O 24. Ne2 f4 25. Bd2 Kh8 26. Bc3 e4 27. Bxg7+ Qxg7 28. dxe4 Bxh3 29. Qc3 Rf6 30. Ne1 Bxg2 31. Nxg2 f3 32. Ng3 fxg2 33. Kxg2 Nd7 34. Qe3 Ne5 35. a5 Nxc4 36. Qb3 Nd2 37. Qb8+ Rf8 38. Qd6 Nxf1 39. Kxf1 Qf6 40. Qxf6+ Rxf6 41. Nf5 Kh7 42. Nd6 Rf8 43. Ke2 Ra8 44. Nc4 h5 45. f4 Kg6 46. Kf3 Rb8 47. Ne5+ Kf6 48. Nxc6 Rb3+ 49. Kg2 Ra3 50. e5+ Kf5 51. Kh2 Ke6 52. Kg2 Kd5 53. Nb4+ Kxc5 0-1


[Site "https://www.chess.com"]

[Event "Titled Tuesday Blitz December 13 Late 2022"]
[White "Van Dael, Siem"]
[Black "Kuzmicz, Krystian"]
[WhiteFideId "1049771"]
[BlackFideId "1119125"]
[WhiteElo "2336"]
[BlackElo "2379"]
[Result "1/2-1/2"]
[Round "02"]
[TimeControl "180+1"]
[Date "2022.12.14"]
[WhiteClock "0:00:12"]
[BlackClock "0:00:18"]

1. d4 g6 2. e4 Bg7 3. Nc3 c6 4. Nf3 d5 5. h3 Nf6 6. e5 Ne4 7. Bd3 Nxc3 8. bxc3 c5 9. dxc5 Nd7 10. Qe2 Nxc5 11. O-O O-O 12. Re1 b6 13. Bg5 Bb7 14. Qe3 Rc8 15. Rac1 Ne4 16. Bxe4 dxe4 17. Nd2 Bxe5 18. Nxe4 Re8 19. Rcd1 Qc7 20. Rd3 Bg7 21. Bh6 Bh8 22. Ng5 Qc5 23. Qxc5 bxc5 24. Rd7 Bxc3 25. Re3 Bc6 26. Rxa7 Bf6 27. Ne4 Bd4 28. Re1 Ra8 29. Rc7 Bd5 30. c3 Bh8 31. Nxc5 Bxa2 32. Rexe7 Rxe7 33. Rxe7 Bxc3 34. Ne4 Bh8 35. Bg5 Be6 36. Bf6 Bxf6 37. Nxf6+ Kg7 38. Ne4 Ra1+ 39. Kh2 Ra2 40. f3 Bd5 41. Kg3 Ra3 42. Re5 Ba2 43. h4 h6 44. Rc5 Bb1 45. Nd6 Ra6 46. Nc4 Ba2 47. Ne5 Be6 48. Nd3 Kf6 49. Nf4 Bf5 50. Rb5 Kg7 51. Rb2 g5 52. hxg5 hxg5 53. Nh3 Kg6 54. Nf2 Be6 55. Ne4 Rc6 56. Rd2 f5 57. Nd6 Kf6 58. Nb5 f4+ 59. Kf2 Ra6 60. Nc7 Rc6 61. Nxe6 Rxe6 62. Ra2 Kg6 63. Rd2 Kh5 64. g3 Ra6 65. Kg2 Ra3 66. Rc2 Kh6 67. Rc6+ Kg7 68. Rc2 Kf6 69. Rc6+ Ke5 70. Rc5+ Kf6 71. Rc2 Rb3 72. Ra2 Kf5 73. Ra5+ Kg6 74. Ra2 Rb5 75. gxf4 gxf4 76. Kh3 Kg5 77. Ra8 Rb3 78. Ra5+ Kg6 79. Kg4 Rb4 80. Rc5 Ra4 81. Rf5 Rb4 82. Rg5+ Kf6 83. Rh5 Kg6 84. Rh1 Ra4 85. Rb1 Kf6 86. Rb6+ Ke5 87. Rb8 Kf6 88. Rf8+ Kg6 89. Rb8 Kf6 90. Rb6+ Ke5 91. Kg5 Ra3 92. Rb5+ Ke6 93. Kxf4 Kf6 94. Rb6+ Kf7 95. Kg4 Ra5 96. f4 Ra4 97. Kg5 Ra5+ 98. f5 Ra7 99. Rh6 Kg7 100. Rg6+ Kf7 101. Rc6 Kg7 102. Rh6 Rb7 103. Ra6 Kf7 104. Rh6 Kg7 105. f6+ Kg8 106. Rg6+ Kf8 107. Rh6 Rb1 108. Rh8+ Kf7 109. Rh7+ Kf8 110. Ra7 Rg1+ 111. Kf5 Rf1+ 112. Ke5 Re1+ 113. Kd5 Rd1+ 114. Ke6 Re1+ 115. Kf5 Rf1+ 116. Ke4 Rxf6 117. Ke5 Rf7 118. Ra6 Kg7 119. Ra1 Re7+ 120. Kf5 Rf7+ 121. Kg5 Rf6 122. Ra7+ Rf7 123. Ra6 Re7 124. Rg6+ Kf7 125. Rh6 Ke8 126. Kf6 Rf7+ 127. Ke6 Re7+ 128. Kd6 Rd7+ 129. Ke5 Re7+ 130. Kd5 Rd7+ 131. Kc6 Re7 132. Rf6 Rf7 133. Rg6 Kf8 134. Kd6 Ra7 135. Rg1 Ra6+ 136. Ke5 Ra5+ 137. Ke6 Ra6+ 138. Kf5 Ra5+ 139. Kf6 1/2-1/2


[Site "https://www.chess.com"]

[Event "Titled Tuesday Blitz December 13 Late 2022"]
[White "Vedder, Richard"]
[Black "Cardozo Munar, Carlos Eduardo"]
[WhiteFideId "1004166"]
[BlackFideId "4409477"]
[WhiteElo "2168"]
[BlackElo "2067"]
[Result "1-0"]
[Round "02"]
[TimeControl "180+1"]
[Date "2022.12.14"]
[WhiteClock "0:01:16"]
[BlackClock "0:01:24"]

1. d4 d5 2. c4 e5 3. dxe5 d4 4. Nf3 Nc6 5. Nbd2 Nge7 6. g3 Ng6 7. Bg2 a5 8. O-O a4 9. Ne4 Ngxe5 10. Nxe5 Nxe5 11. Qc2 Be7 12. Bf4 d3 13. exd3 Qxd3 14. Qxd3 Nxd3 15. Bxc7 Nxb2 16. Bd6 Nxc4 17. Bxe7 Kxe7 18. Rac1 Nd6 19. Rc7+ Bd7 20. Rd1 Rhc8 21. Rxd7+ Kxd7 22. Nxd6 Ke7 23. Nxc8+ Rxc8 24. Bxb7 Rc2 25. Bd5 f5 26. h4 h6 27. Kg2 g5 28. hxg5 hxg5 29. Rd4 Rc5 30. Bg8 Kf8 31. Bc4 Ke7 32. Bd3 Ra5 33. Rb4 Kf6 34. Rb6+ Ke5 35. Rb5+ Rxb5 36. Bxb5 a3 37. Bc4 Kd4 38. Bb3 Ke5 39. Kf3 Kd4 40. Ke2 Ke4 41. Bc2+ Ke5 42. Ke3 f4+ 43. gxf4+ gxf4+ 44. Kf3 1-0


[Site "https://www.chess.com"]

[Event "Titled Tuesday Blitz December 13 Late 2022"]
[White "Weisz, Bryan"]
[Black "Kupervaser, Erez"]
[WhiteFideId "30934133"]
[BlackFideId "2814587"]
[WhiteElo "2303"]
[BlackElo "2251"]
[Result "0-1"]
[Round "02"]
[TimeControl "180+1"]
[Date "2022.12.14"]
[WhiteClock "0:00:03"]
[BlackClock "0:00:18"]

1. e4 g6 2. d4 Nf6 3. e5 Nh5 4. Be2 d6 5. Bxh5 gxh5 6. Qxh5 dxe5 7. Qxe5 Rg8 8. Qe4 Rg4 9. Qxh7 Rxg2 10. Bh6 Bxh6 11. Qxh6 Qxd4 12. Qd2 Qxb2 13. Qc3 Qxc3+ 14. Nxc3 Bf5 15. Nd5 Na6 16. Ne3 Rg5 17. Nf3 Rh5 18. Nd4 Bd7 19. Ke2 O-O-O 20. Rag1 e5 21. Nf3 Bc6 22. Rg3 f5 23. Nc4 Bb5 24. Nxe5 f4 25. Rd3 Re8 26. Kf3 Nc5 27. Rd5 Bc6 28. Nxc6 Rxd5 29. Nxa7+ Kb8 30. Nb5 Ne6 31. Nba3 Rh8 32. h4 Rdh5 33. Kg4 b5 34. Nd2 c6 35. Nf3 Rc5 36. h5 Rg8+ 37. Kh3 Rxh5+ 38. Nh4 Rgh8 39. Kg4 Nf8 40. c4 b4 41. Nc2 c5 42. Ne1 Ng6 43. Nef3 Kb7 0-1


[Site "https://www.chess.com"]

[Event "Titled Tuesday Blitz December 13 Late 2022"]
[White "Yanchenko, Roman"]
[Black "Cadena M, Gustavo Adolfo"]
[WhiteFideId "4137329"]
[BlackFideId "4404815"]
[WhiteElo "2825"]
[BlackElo "2549"]
[Result "1-0"]
[Round "02"]
[TimeControl "180+1"]
[Date "2022.12.14"]
[WhiteClock "0:00:16"]
[BlackClock "0:00:08"]

1. d4 Nf6 2. c4 c5 3. Nf3 g6 4. Nc3 Bg7 5. g3 O-O 6. Bg2 cxd4 7. Nxd4 Nc6 8. O-O a6 9. e3 Qc7 10. b3 Nxd4 11. Qxd4 d5 12. Bb2 dxc4 13. Nd5 Qd8 14. Nb6 Rb8 15. Nxc4 b5 16. Qxd8 Rxd8 17. Be5 Be6 18. Bxb8 bxc4 19. Be5 cxb3 20. axb3 Bxb3 21. Rfb1 Bc4 22. Bf1 Bxf1 23. Kxf1 Ne4 24. Bxg7 Nd2+ 25. Ke2 Nxb1 26. Bd4 Nd2 27. Bb6 Rd6 28. Bc5 Nb3 29. Bxd6 Nxa1 30. Bxe7 Nb3 31. Kd3 Na5 32. Bf6 Nc6 33. Kc4 Kf8 34. Kc5 Nb8 35. Bc3 Nd7+ 36. Kc6 Ke7 37. e4 Ke6 38. f4 f5 39. e5 g5 40. h3 gxf4 41. gxf4 Nf8 42. Kb6 Kd5 43. Kxa6 Ne6 44. Bd2 Ke4 45. Kb7 Kd3 46. Bc1 Kc2 47. Ba3 Nxf4 48. Kc6 Kd3 49. Kd7 Ke4 50. e6 Nxe6 51. Kxe6 f4 52. Bc5 f3 53. Bf2 Kf4 54. Kf6 Ke4 55. Kg5 Kd3 56. Kf4 Ke2 57. Kg3 h5 58. h4 Kd3 59. Kxf3 Kc4 60. Kf4 Kd5 61. Kg5 Ke6 62. Kxh5 Kf7 63. Kh6 Kg8 64. Bd4 Kf8 65. h5 Kg8 66. Kg6 1-0


[Site "https://www.chess.com"]

[Event "Titled Tuesday Blitz December 13 Late 2022"]
[White "Yoo, Christopher Woojin"]
[Black "Milosevic, Milos"]
[WhiteFideId "30909694"]
[BlackFideId "964875"]
[WhiteElo "2463"]
[BlackElo "2314"]
[Result "1-0"]
[Round "02"]
[TimeControl "180+1"]
[Date "2022.12.13"]
[WhiteClock "0:00:07"]
[BlackClock "0:00:12"]

1. e4 e5 2. Nf3 Nc6 3. Bb5 Nf6 4. O-O Nxe4 5. Re1 Nd6 6. Nxe5 Nxe5 7. Rxe5+ Be7 8. Bf1 O-O 9. d4 Bf6 10. Bd3 g6 11. Bh6 Re8 12. f4 Re7 13. Nd2 Ne8 14. Ne4 Bxe5 15. dxe5 d5 16. exd6 Rxe4 17. Bxe4 Qxd6 18. Qxd6 Nxd6 19. Bf3 Bf5 20. c3 Re8 21. Bg5 Kg7 22. Bh4 Be4 23. Bg4 Bc6 24. Bf2 f5 25. Bd1 Ne4 26. Bd4+ Kh6 27. Bf3 Bb5 28. Re1 b6 29. Be5 Nd6 30. b3 Nf7 31. c4 Bd7 32. Bc3 Rxe1+ 33. Bxe1 g5 34. fxg5+ Nxg5 35. Bd2 Kg6 36. Be2 Ne4 37. Be1 f4 38. g3 fxg3 39. hxg3 Bc6 40. Bd3 Kg5 41. Bc2 Kg4 42. Bd1+ Kg5 43. Bf3 Bb7 44. Kg2 Nd6 45. Bxb7 Nxb7 46. Kf3 Kf5 47. g4+ Kg5 48. Bd2+ Kh4 49. Kf4 Nc5 50. Be1+ Kh3 51. Kf5 Nd3 52. Bd2 Nf2 53. g5 Kh4 54. Be1 Kg3 55. Kf6 Kf3 56. Bxf2 Kxf2 57. Kg7 Kf3 58. Kxh7 Ke4 59. g6 Kd3 60. g7 Kc3 61. g8=Q Kb2 62. Qf7 a5 63. Qxc7 1-0


[Site "https://www.chess.com"]

[Event "Titled Tuesday Blitz December 13 Late 2022"]
[White "Abasov, Nijat"]
[Black "Postnikov, Daniil"]
[WhiteFideId "13402960"]
[BlackFideId "4166329"]
[WhiteElo "2546"]
[BlackElo "2261"]
[Result "1-0"]
[Round "03"]
[TimeControl "180+1"]
[Date "2022.12.13"]
[WhiteClock "0:00:44"]
[BlackClock "0:00:13"]

1. Nf3 f5 2. d3 Nf6 3. e4 d6 4. Nc3 Nc6 5. Bg5 e5 6. d4 fxe4 7. dxe5 exf3 8. exf6 gxf6 9. Be3 Bg4 10. gxf3 Bh5 11. Nd5 Ne5 12. Be2 c6 13. f4 Bxe2 14. Qxe2 cxd5 15. fxe5 dxe5 16. O-O-O Qd7 17. Rd3 O-O-O 18. Bxa7 d4 19. Rhd1 Qa4 20. Qg4+ Kc7 21. Rc3+ Kd6 22. Bxd4 Qxa2 23. Bxe5+ Ke7 24. Rc7+ Ke8 25. Qh5+ Qf7 26. Qxf7# 1-0


[Site "https://www.chess.com"]

[Event "Titled Tuesday Blitz December 13 Late 2022"]
[White "Abdrlauf, Elham"]
[Black "Fedoseev, Vladimir"]
[WhiteFideId "1533533"]
[BlackFideId "24130737"]
[WhiteElo "2454"]
[BlackElo "2733"]
[Result "1-0"]
[Round "03"]
[TimeControl "180+1"]
[Date "2022.12.13"]
[WhiteClock "0:00:04"]
[BlackClock "0:00:05"]

1. e4 c6 2. d4 d5 3. Nc3 dxe4 4. Nxe4 Nd7 5. Nf3 Ngf6 6. Nxf6+ exf6 7. Bd3 Bd6 8. Qe2+ Qe7 9. Qxe7+ Bxe7 10. Bd2 O-O 11. O-O-O Nb6 12. Rhe1 Be6 13. b3 Rfe8 14. c4 Rad8 15. h3 Nc8 16. Kc2 Bd6 17. Bc3 Ne7 18. Nd2 Bc7 19. Ne4 b6 20. g4 Ng6 21. Ng3 Nf4 22. Bf1 h6 23. a4 Kh7 24. Nf5 h5 25. Ne3 h4 26. f3 Kg8 27. b4 Bd7 28. b5 cxb5 29. axb5 a6 30. Nf5 axb5 31. cxb5 Nd5 32. Bd2 g6 33. Ne3 Be6 34. Nxd5 Bxd5 35. Bg2 Bg3 36. Rxe8+ Rxe8 37. Kd3 Ra8 38. Rc1 Ra3+ 39. Rc3 Ra2 40. Rc2 Ra4 41. Rc6 Bxc6 42. bxc6 Bc7 43. f4 b5 44. d5 Ra3+ 45. Kc2 Ra2+ 46. Kd3 b4 47. Bxb4 Rxg2 48. d6 Bxd6 49. Bxd6 Rg1 50. Bc5 Rd1+ 51. Kc4 Rd8 52. Kb5 f5 53. g5 f6 54. gxf6 Kf7 55. c7 Rc8 56. Kc6 Kxf6 57. Bd4+ Ke6 58. Bf2 g5 59. fxg5 f4 60. Bxh4 f3 61. g6 Rg8 62. Bd8 f2 63. c8=Q+ Ke5 64. Bc7+ Ke4 65. Qxg8 f1=Q 66. Qd5+ Ke3 67. Bb6+ Kf4 68. Qf7+ Kg3 69. Qxf1 1-0


[Site "https://www.chess.com"]

[Event "Titled Tuesday Blitz December 13 Late 2022"]
[White "Adury, Anant"]
[Black "Kuzmicz, Krystian"]
[WhiteFideId "30964687"]
[BlackFideId "1119125"]
[WhiteElo "2174"]
[BlackElo "2704"]
[Result "0-1"]
[Round "03"]
[TimeControl "180+1"]
[Date "2022.12.14"]
[WhiteClock "0:01:13"]
[BlackClock "0:02:42"]

1. c4 g6 2. Nf3 Bg7 3. Nc3 c5 4. e3 Nf6 5. d4 O-O 6. Be2 cxd4 7. Nxd4 Nc6 8. O-O d5 9. cxd5 Nxd5 10. Nxc6 bxc6 11. Bd2 Rb8 12. Qc1 Nb4 13. a3 Nd3 14. Bxd3 Qxd3 15. Rd1 Bg4 16. f3 Be6 17. Be1 Qc4 18. Bf2 Rb3 19. Ne2 Qxe2 0-1


[Site "https://www.chess.com"]

[Event "Titled Tuesday Blitz December 13 Late 2022"]
[White "Aggelis, Nikolaos"]
[Black "Pichot, Alan"]
[WhiteFideId "4213220"]
[BlackFideId "110973"]
[WhiteElo "2487"]
[BlackElo "2869"]
[Result "0-1"]
[Round "03"]
[TimeControl "180+1"]
[Date "2022.12.14"]
[WhiteClock "0:00:14"]
[BlackClock "0:01:30"]

1. c4 c5 2. Nf3 Nc6 3. b3 e5 4. d3 g6 5. Ba3 Bg7 6. Nc3 Qa5 7. Bb2 e4 8. Qd2 exf3 9. gxf3 Nge7 10. h4 h5 11. Bh3 d5 12. Bxc8 Rxc8 13. Rc1 O-O 14. Ba1 d4 15. Ne4 Qxd2+ 16. Kxd2 Bh6+ 17. e3 Nf5 18. Rce1 Rfd8 19. f4 dxe3+ 20. fxe3 Nb4 21. Nf6+ Kf8 22. Nh7+ Ke8 23. Nf6+ Ke7 24. a3 Rxd3+ 25. Kc1 Nc6 26. Nd5+ Kd6 27. Kc2 Rxd5 28. cxd5 Nce7 29. Be5+ Kd7 30. e4 Nd4+ 31. Kc3 f5 32. Bxd4 cxd4+ 33. Kxd4 fxe4 34. Rxe4 Nf5+ 35. Kd3 Ng3 36. Rhe1 Nxe4 37. Rxe4 Re8 38. Rxe8 Kxe8 39. Ke4 Ke7 40. f5 g5 41. hxg5 Bxg5 42. b4 Bf6 0-1


[Site "https://www.chess.com"]

[Event "Titled Tuesday Blitz December 13 Late 2022"]
[White "Aguilar, Juan"]
[Black "Liu, Kelsey"]
[WhiteFideId "3800091"]
[BlackFideId "30944481"]
[WhiteElo "2537"]
[BlackElo "2274"]
[Result "0-1"]
[Round "03"]
[TimeControl "180+1"]
[Date "2022.12.14"]
[WhiteClock "0:00:01"]
[BlackClock "0:00:02"]

1. d4 Nf6 2. c4 e6 3. Nf3 b6 4. g3 Bb7 5. Bg2 Be7 6. O-O O-O 7. d5 exd5 8. Nh4 c6 9. cxd5 Nxd5 10. Nf5 Bf6 11. e4 Nb4 12. a3 N4a6 13. Nd6 Nc5 14. Nxb7 Nxb7 15. Nc3 d6 16. Bf4 Be5 17. Be3 Na6 18. Qc2 Nac5 19. Rfd1 Qe7 20. Ne2 a5 21. Nd4 Rfc8 22. Nf5 Qf8 23. f4 Bf6 24. g4 a4 25. g5 Bd8 26. Bd4 f6 27. h4 Nb3 28. Rab1 Nxd4 29. Rxd4 Ra5 30. Rbd1 Bc7 31. Qc4+ Kh8 32. h5 fxg5 33. fxg5 Rxf5 34. exf5 Qxf5 35. Rf4 Qxg5 36. Qf7 h6 37. Kh1 d5 38. Rdf1 Bxf4 39. Rxf4 Nd6 0-1


[Site "https://www.chess.com"]

[Event "Titled Tuesday Blitz December 13 Late 2022"]
[White "Albertini, Luca"]
[Black "Martinez Ramirez, Lennis"]
[WhiteFideId "847038"]
[BlackFideId "3509079"]
[WhiteElo "2207"]
[BlackElo "2439"]
[Result "0-1"]
[Round "03"]
[TimeControl "180+1"]
[Date "2022.12.14"]
[WhiteClock "0:00:01"]
[BlackClock "0:00:36"]

1. d4 d5 2. c4 e6 3. Nc3 Nf6 4. cxd5 exd5 5. Bg5 c6 6. e3 h6 7. Bh4 Be7 8. Nf3 O-O 9. Be2 Bf5 10. O-O Nbd7 11. a3 a5 12. Bg3 Nh5 13. Rc1 Nxg3 14. hxg3 Re8 15. Bd3 Bg4 16. Be2 Bd6 17. Nh2 Be6 18. Bg4 f5 19. Bh5 Re7 20. Ne2 g5 21. g4 Bxh2+ 22. Kxh2 fxg4 23. Ng3 Nf6 24. Qc2 Nxh5 25. Nxh5 Qd6+ 26. Kg1 Bf7 27. Ng3 Bg6 28. Qc5 Qxc5 29. Rxc5 a4 30. Rfc1 h5 31. Ne2 h4 32. Nc3 Kf7 33. Na2 Ke6 34. Nb4 Be4 35. Kh2 Rf7 36. Kg1 Raf8 37. Rf1 g3 38. f3 g4 39. f4 h3 40. Rc2 Bxc2 41. Nxc2 Kf5 42. Re1 Re7 43. Re2 Rfe8 44. Re1 Re4 45. Kh1 b6 46. Kg1 c5 47. Rd1 Rxe3 48. Nxe3+ Rxe3 49. dxc5 bxc5 50. Rxd5+ Kxf4 51. Rd1 Re2 52. Rf1+ Ke4 53. Rc1 Rxg2+ 54. Kh1 Rxb2 55. Re1+ Kf3 56. Rf1+ Rf2 0-1


[Site "https://www.chess.com"]

[Event "Titled Tuesday Blitz December 13 Late 2022"]
[White "Andreassen, Lars"]
[Black "Arnold, Ken"]
[WhiteFideId "1504878"]
[BlackFideId "2056836"]
[WhiteElo "2119"]
[BlackElo "2378"]
[Result "1-0"]
[Round "03"]
[TimeControl "180+1"]
[Date "2022.12.14"]
[WhiteClock "0:01:09"]
[BlackClock "0:00:54"]

1. d4 d5 2. Nf3 c6 3. c4 Nf6 4. Nc3 dxc4 5. e4 Bg4 6. Bxc4 Bxf3 7. gxf3 e6 8. Bg5 Be7 9. Rg1 b5 10. Bb3 a5 11. a4 b4 12. Ne2 Nbd7 13. Nf4 Nf8 14. Rc1 Rc8 15. Qd3 h6 16. Bxf6 Bxf6 17. Ne2 Nd7 18. f4 g5 19. e5 Be7 20. f5 g4 21. fxe6 Nxe5 22. exf7+ Kf8 23. Qf5 Nf3+ 24. Qxf3 Bg5 25. Qxg4 Bxc1 26. Qg7+ 1-0


[Site "https://www.chess.com"]